 Dungeon Crawl Stone Soup version 0.20.1-1-g8b1a95d (webtiles) character file.

386 Fisto the Stinger (level 7, 22/48 HPs)
             Began as a Formicid Venom Mage on Nov 22, 2017.
             Starved to death
             ... on level 7 of the Dungeon on Nov 23, 2017.
             The game lasted 00:29:17 (4564 turns).

Fisto the Stinger (Formicid Venom Mage)             Turns: 4564, Time: 00:29:18

Health: 22/48      AC:  6    Str: 13    XL:     7   Next: 6%
Magic:  10/12      EV:  9    Int: 16    God:
Gold:   186        SH:  0    Dex: 11    Spells: 6/12 levels left

rFire    . . .     SeeInvis +   f - +1 short sword
rCold    . . .     Gourm    .   (no shield)
rNeg     . . .     Faith    .   g - +0 scale mail
rPois    .         Spirit   +   (helmet unavailable)
rElec    .         Reflect  .   (no cloak)
rCorr    .         Harm     .   (no gloves)
MR       .....                  (no boots)
Stlth    ..........             n - amulet of guardian spirit
Regen    0.2/turn               o - ring of teleportation
MPRegen  0.2/turn               c - ring of loudness (curse)

@: fainting
A: permanent stasis, dig shafts and tunnels, four strong arms, antennae 3
a: Dig, Shaft Self


You were on level 7 of the Dungeon.
You were fainting.

You visited 1 branch of the dungeon, and saw 6 of its levels.

You collected 186 gold pieces.

Inventory:

Hand Weapons
 d - a +0 hand axe
 f - a +1 short sword (weapon)
 i - a +0 hunting sling
Missiles
 q - 23 stones (quivered)
Armour
 a - a +0 robe
 g - a +0 scale mail (worn)
Jewellery
 c - a cursed ring of loudness (right hand)
 n - an amulet of guardian spirit (around neck)
 o - a ring of teleportation (left hand)
Wands
 h - a wand of acid (0/15)
Scrolls
 e - a scroll of magic mapping
 r - a scroll of remove curse
Books
 b - a Young Poisoner's Handbook

   Spells                             Type                      Level
   a - Sting                          Conjuration/Poison           1
   b - Poisonous Vapours              Poison/Air                   2
   c - Mephitic Cloud                 Conjuration/Poison/Air       3
   d - Olgreb's Toxic Radiance        Poison                       4
   e - Venom Bolt                     Conjuration/Poison           5


   Skills:
 + Level 1.2 Fighting
 + Level 2.2 Short Blades
 + Level 3.0 Armour
 + Level 2.3 Dodging
 + Level 2.5 Stealth
 + Level 3.4 Spellcasting
 + Level 2.1 Conjurations
 + Level 0.4 Air Magic
 + Level 5.6 Poison Magic
 + Level 0.2 Evocations


You had 6 spell levels left.
You knew the following spells:

 Your Spells              Type           Power        Failure   Level  Hunger
a - Sting                 Conj/Pois      ###.         16%         1    None
b - Poisonous Vapours     Pois/Air       ##....       34%         2    ##.....
c - Mephitic Cloud        Conj/Pois/Air  ##......     61%         3    ###....


Dungeon Overview and Level Annotations

Branches:
Dungeon (8/15)
 Temple: D:4-7         Lair: D:8-11

Altars:


Innate Abilities, Weirdness & Mutations

You cannot be hasted, slowed, berserked, paralysed or teleported.
You can dig through walls and to a lower floor.
Your four strong arms can wield two-handed weapons with a shield.
You have a pair of large antennae on your head. (SInv)


Message History

You barely miss the hungry ghost.
The hungry ghost is almost destroyed.
The hungry ghost hits you.
You feel slightly more hungry.
You closely miss the hungry ghost.
The hungry ghost is almost destroyed.
The hungry ghost hits you.
You feel slightly more hungry.
You miss the hungry ghost.
The hungry ghost is almost destroyed.
The hungry ghost hits you.
You feel slightly more hungry.
Your scale mail prevents you from hitting the hungry ghost.
The hungry ghost is almost destroyed.
The hungry ghost hits you.
You hit the hungry ghost.
You destroy the hungry ghost!
Your Fighting skill increases to level 1!
Your Short Blades skill increases to level 2!
Your Armour skill increases to level 3!
You have reached level 7!
You have starved to death.
You die...

<####.#### .....
##.........# .....
#........#.# .....
#........#.# #....
#...#....#.# .....
#...#..#.#.#
.....##########...#....#.#
....#.............##.....#
................@........#
##..#.#........#..######.#
#..#.#.######.#..# #.#
#####W#.# #.#..# #.#
......#.# #.#..# #.#
........######.#..######.#
.............#.#........)#
........####.#.##.#####..#
............. #..#


There were no monsters in sight!

Vanquished Creatures
  A hungry ghost (D:7)
  An ogre (D:4)
  A centaur skeleton (D:7)
  A worker ant (D:4)
  A hound skeleton (D:4)
  3 adders
  An ooze (D:2)
  4 worms
  A dart slug (D:1)
  2 leopard geckos
  4 orcs
  2 giant cockroaches
  5 goblins (D:1)
  3 hobgoblins
  4 jackals (D:2)
  6 kobolds
  3 quokkas
  A ball python (D:2)
  7 bats
  4 frilled lizards
  5 rats
60 creatures vanquished.

Notes
Turn   | Place    | Note
-------+----------+-------------------------------------------
     0 | D:1      | Fisto the Formicid Venom Mage began the quest for the Orb.
     0 | D:1      | Reached XP level 1. HP: 13/13 MP: 3/3
   329 | D:1      | You fall through a shaft!
   401 | D:2      | Reached XP level 2. HP: 19/19 MP: 0/5
   736 | D:1      | Reached skill level 1 in Conjurations
  1019 | D:1      | Reached XP level 3. HP: 24/24 MP: 4/6
  1986 | D:2      | Reached skill level 1 in Armour
  2123 | D:2      | Reached skill level 5 in Poison Magic
  2123 | D:2      | Reached XP level 4. HP: 26/30 MP: 2/7
  3817 | D:4      | Learned a level 2 spell: Poisonous Vapours
  3822 | D:4      | Learned a level 3 spell: Mephitic Cloud
  3863 | D:4      | Reached XP level 5. HP: 10/35 MP: 7/9
  4176 | D:4      | Noticed an ogre
  4187 | D:4      | Killed an ogre
  4187 | D:4      | Reached skill level 1 in Short Blades
  4187 | D:4      | Reached XP level 6. HP: 42/42 MP: 2/10
  4302 | D:4      | You fall through a shaft for 3 floors!
  4455 | D:7      | Noticed a hungry ghost
  4564 | D:7      | Killed a hungry ghost
  4564 | D:7      | Reached skill level 1 in Fighting
  4564 | D:7      | Reached XP level 7. HP: 22/48 MP: 10/12
  4564 | D:7      | Starved to death

Skill      XL: |  1  2  3  4  5  6 |
---------------+-------------------+-----
Conjurations   | 1 2 |  2.1
Dodging        | 2 |  2.3
Armour         | 1 2 3 |  3.0
Poison Magic   | 5 |  5.6
Short Blades   | 1 2 |  2.2
Spellcasting   | 3 |  3.4
Fighting       | 1 |  1.2
Stealth        | |  2.5
Air Magic      | |  0.4
Evocations     | |  0.2

Action                   |  1- 3 |  4- 6 |  7- 9 || total
-------------------------+-------+-------+-------++-------
Melee: Short sword       |    81 |   132 |       ||   213
 Cast: Sting             |    49 |    52 |       ||   101
       Poisonous Vapours |       |     5 |       ||     5
 Abil: Dig               |     5 |     8 |       ||    13
       Shaft Self        |     1 |       |       ||     1
Evoke: Wand              |       |     5 |       ||     5
  Use: Scroll            |     3 |     3 |       ||     6
       Potion            |       |     6 |       ||     6
  Eat: Chunk             |     4 |    12 |       ||    16
       Bread ration      |     1 |     1 |       ||     2
       Fruit             |       |     2 |       ||     2
       Meat ration       |       |     1 |       ||     1
       Royal jelly       |       |     1 |       ||     1
Armor: Scale mail        |    73 |    65 |       ||   138
Dodge: Dodged            |    86 |    80 |       ||   166
